 Dungeon Crawl Stone Soup version 0.21.1-1-g345015f (webtiles) character file.

235 vatarom the Poker (level 5, -8/41 HPs)
             Began as a Demonspawn Gladiator on May 13, 2018.
             Mangled by an ogre
             ... wielding a +0 giant spiked club
              (14 damage)
             ... on level 4 of the Dungeon.
             The game lasted 00:06:03 (3520 turns).

vatarom the Poker (Demonspawn Gladiator)            Turns: 3520, Time: 00:06:03

Health: -8/41      AC:  4    Str: 14 (15) XL:     5   Next: 76%
Magic:  5/5        EV: 13    Int:  7 (9)  God:
Gold:   65         SH:  0    Dex: 14 (15) Spells: 4/4 levels left

rFire    . . .     SeeInvis .   a - +0 trident
rCold    . . .     Gourm    .   (no shield)
rNeg     + . .     Faith    .   b - +0 leather armour
rPois    .         Spirit   .   c - +0 helmet
rElec    .         Reflect  .   (no cloak)
rCorr    .         Harm     .   (no gloves)
MR       .....                  (no boots)
Stlth    +.........             (no amulet)
HPRegen  0.13/turn              m - ring of positive energy
MPRegen  0.09/turn              (no ring)

@: no status effects
A: powered by death 1, powered by pain 1
a: no special abilities


You were on level 4 of the Dungeon.
You were not hungry.

You visited 1 branch of the dungeon, and saw 4 of its levels.

You collected 65 gold pieces.

Inventory:

Hand Weapons
 a - a +0 trident (weapon)
Missiles
 d - 3 throwing nets (quivered)
Armour
 b - a +0 leather armour (worn)
 c - a +0 helmet (worn)
 l - a cursed +0 buckler
Jewellery
 m - a ring of positive energy (left hand)
 o - an uncursed ring of wizardry {unknown}
Scrolls
 e - a scroll of enchant weapon {unknown}
 g - a scroll of blinking {unknown}
 j - 3 scrolls of identify {unknown}
 k - a scroll of teleportation {unknown}
 n - a scroll of magic mapping {unknown}
 p - a scroll of random uselessness {unknown}
Comestibles
 f - 4 rations


   Skills:
 + Level 3.1 Fighting
 * Level 4.3 Polearms
 - Level 1.7 Throwing
 - Level 0.6 Armour
 - Level 3.1 Dodging
 * Level 2.4 Shields


You had 4 spell levels left.
You didn't know any spells.

Dungeon Overview and Level Annotations

Branches:
Dungeon (4/15)
 Temple: D:4-7

Altars:
Gozag
Ru

Shops:
D:4 %

Annotations:
D:4 raikaria's ghost, amateur DrWr


Innate Abilities, Weirdness & Mutations

You regenerate a little health from kills.
You sometimes gain a little power by taking damage.


Message History

You barely miss raikaria's ghost.
Raikaria's ghost is lightly damaged.
Raikaria's ghost hits you.
You see here a rat corpse.
You hit the ogre.
The ogre is lightly wounded.
The ogre closely misses you. Raikaria's ghost barely misses you.
You hit the ogre.
The ogre is moderately wounded.
Raikaria's ghost hits you. The ogre misses you.
You hit the ogre but do no damage.
The ogre is moderately wounded.
Raikaria's ghost misses you.
The ogre hits you with a giant spiked club.
You hit the ogre but do no damage.
The ogre is moderately wounded.
Raikaria's ghost hits you!
* * * LOW HITPOINT WARNING * * *
The ogre hits you with a giant spiked club!
You die...

#.# ## ####.. _# .....#
##.## #.#..### #...#
#...... ##...## # #..#
#.....# ###..######
###..O..###
..........###..W@8....#
###..##.###......#......
#).##.'......8## 8....
#..######......# ....
#§.# #.###....8.. .##
#†.# #.#####.....# #
###..####.##.##.....#
....).<...##.###...##
###..##........#...#


You could see an ogre and raikaria's ghost.

Vanquished Creatures
  2 orc wizards (D:3)
  A hound (D:4)
  5 adders
  5 dart slugs
  2 leopard geckos
  10 orcs
  2 ball pythons
  2 giant cockroaches
  14 hobgoblins
  2 jackals (D:3)
  6 kobolds
  3 quokkas
  6 bats
  2 frilled lizards
  8 goblins
  10 rats
80 creatures vanquished.

Notes
Turn   | Place    | Note
-------+----------+-------------------------------------------
     0 | D:1      | vatarom the Demonspawn Gladiator began the quest for the Orb.
     0 | D:1      | Reached XP level 1. HP: 16/16 MP: 1/1
   249 | D:1      | Gained mutation: You sometimes gain a little power by taking damage. [demonic ancestry]
   249 | D:1      | Reached XP level 2. HP: 17/22 MP: 2/2
   263 | D:1      | Reached skill level 3 in Polearms
  1366 | D:2      | Reached XP level 3. HP: 26/28 MP: 3/3
  2015 | D:3      | Reached XP level 4. HP: 34/34 MP: 4/4
  2043 | D:3      | Reached skill level 1 in Shields
  2198 | D:3      | Found a sacrificial altar of Ru.
  2278 | D:3      | Gained mutation: You regenerate a little health from kills. [demonic ancestry]
  2278 | D:3      | Reached XP level 5. HP: 35/40 MP: 5/5
  2384 | D:3      | Reached skill level 4 in Polearms
  2880 | D:4      | Noticed raikaria's ghost (amateur DrWr)
  3101 | D:4      | Found Ittalicw's Food Emporium.
  3506 | D:4      | Found an opulent altar of Gozag.
  3512 | D:4      | Noticed an ogre
  3520 | D:4      | Mangled by an ogre

Skill      XL: |  1  2  3  4  5 |
---------------+----------------+-----
Polearms       | 3 4 |  4.3
Dodging        | 3 |  3.1
Shields        | 1 2 |  2.4
Fighting       | 3 |  3.1
Throwing       | |  1.7
Armour         | |  0.6

Action                   |  1- 3 |  4- 6 || total
-------------------------+-------+-------++-------
Melee: Trident           |   131 |   264 ||   395
  Use: Potion            |       |     4 ||     4
 Stab: Sleeping          |     2 |     3 ||     5
       Paralysed         |       |     2 ||     2
  Eat: Chunk             |     4 |     5 ||     9
Armor: Leather armour    |    31 |    36 ||    67
Dodge: Dodged            |    74 |   119 ||   193
